 Dungeon Sprint DCSS version 0.28.0-43-g3370ac3207 (webtiles) character file.

Game seed: 5351792070705757010

715 boopmooplesden the Cleaver (level 7, 0/117 HPs)
             Began as a Minotaur Berserker on Mar 5, 2022.
             Was a Priest of Trog.
             Slain by a wyvern (4 damage)
             ... in the Dungeon (Sprint II: "The Violet Keep of Menkaure").
             The game lasted 00:00:28 (213 turns).

boopmooplesden the Cleaver (Minotaur Berserker)      Turns: 213, Time: 00:00:29

Health: 0/117      AC:  2    Str: 24    XL:     7   Next: 41%
Magic:  6/6        EV: 13    Int:  4    God:    Trog [***...]
Gold:   486        SH:  0    Dex:  9    Spells: 6/6 levels left

rFire   . . .      SeeInvis .   a - +0 hand axe
rCold   . . .      Faith    .   (no shield)
rNeg    . . .      Spirit   .   b - +0 animal skin
rPois   .          Reflect  .   (helmet restricted)
rElec   .          Harm     .   (no cloak)
rCorr   .          Rampage  .   (no gloves)
Will    .....      NoTele   +   (no boots)
Stlth   ..........              (no amulet)
HPRegen 0.29/turn               (no ring)
MPRegen 0.10/turn               (no ring)

@: berserking, very quick
A: horns 2, retaliatory headbutt
a: Renounce Religion, Berserk, Trog's Hand


You were in the Dungeon.
You worshipped Trog.
Trog was most pleased with you.
You visited 1 branch You collected 486 gold pieces.

Inventory:

Hand Weapons
 a - a +0 hand axe (weapon)
Armour
 b - a +0 animal skin (worn)
Scrolls
 h - a scroll of blinking
Potions
 c - a potion of curing
 d - a potion of heal wounds
 e - a potion of haste
 f - 2 potions of magic
 g - a potion of berserk rage


   Skills:
 + Level 12.3 Fighting
 + Level 13.1 Axes
 + Level 6.8 Armour
 + Level 5.7 Dodging


You had 6 spell levels left.
You didn't know any spells.
Your spell library was empty.

Dungeon Overview and Level Annotations

Branches:
Dungeon (1/1)

Altars:


Innate Abilities, Weirdness & Mutations

You have a pair of horns on your head.
You reflexively headbutt those who attack you in melee.


Message History

You slash the wyvern!
The wyvern is severely wounded.
The wyvern misses you.
You slash the wyvern!
You kill the wyvern!
Trog accepts your kill.
Your Fighting skill increases to level 12!
Your Axes skill increases to level 13!
You closely miss the wyvern. The wyvern bites you!
You slash the wyvern!
The wyvern is moderately wounded.
The wyvern barely misses you.
You slash the wyvern!
The wyvern is heavily wounded.
The wyvern closely misses you.
You hit the wyvern.
The wyvern is heavily wounded.
The wyvern bites you! The wyvern bites you!!
You barely miss the wyvern.
The wyvern is heavily wounded.
You hit the wyvern but do no damage. You headbutt the wyvern.
The wyvern is severely wounded.
The wyvern bites you!
* * * LOW HITPOINT WARNING * * *
The wyvern bites you.
* * * LOW HITPOINT WARNING * * *
You barely miss the wyvern. Your headbutt misses the wyvern.
The wyvern is severely wounded.
The wyvern barely misses you.
You hit the wyvern.
The wyvern is severely wounded.
The wyvern bites you!
* * * LOW HITPOINT WARNING * * *
You slash the wyvern!
The wyvern is almost dead.
The wyvern bites you.
* * * LOW HITPOINT WARNING * * *
A red film seems to cover your vision as you go berserk!
You feel yourself moving faster!
You feel mighty! The wyvern bites you.
You die...

##+##
##...##
#..#..# #
##†#.## #
#. ##'##
.##
#.##.##B..#
#l@<.+#
#$##.##B..#
#. #†# .##
# ###.# #
#.†#..#
##.#.##
##+##


You could see a wyvern.

Vanquished Creatures
  A wyvern (D)
  4 necrophages (D)
  4 scorpions (D)
9 creatures vanquished.

Vanquished Creatures (others)
  Menkaure (D)
1 creature vanquished.

Grand Total: 10 creatures vanquished

Notes
Turn   | Place    | Note
-------+----------+-------------------------------------------
     0 | D        | boopmooplesden the Minotaur Berserker began the quest for
                  | the Orb.
     0 | D        | Reached XP level 1. HP: 19/19 MP: 0/0
     1 | D        | Noticed a necrophage
     1 | D        | Noticed a necrophage
     1 | D        | Noticed a necrophage
     1 | D        | Noticed a necrophage
     6 | D        | Killed a necrophage
     7 | D        | Reached skill level 7 in Axes
     7 | D        | Reached XP level 2. HP: 31/34 MP: 1/1
     7 | D        | Reached XP level 3. HP: 36/39 MP: 2/2
     7 | D        | Reached XP level 4. HP: 43/47 MP: 3/3
     9 | D        | Killed a necrophage
    10 | D        | Reached skill level 9 in Axes
    10 | D        | Reached XP level 5. HP: 53/56 MP: 4/4
    12 | D        | Killed a necrophage
    12 | D        | Reached ** piety under Trog
    13 | D        | Reached skill level 10 in Axes
    13 | D        | Reached skill level 5 in Armour
    16 | D        | Killed a necrophage
    17 | D        | Reached skill level 10 in Fighting
    17 | D        | Reached skill level 11 in Axes
    17 | D        | Reached skill level 5 in Dodging
    17 | D        | Reached XP level 6. HP: 60/67 MP: 5/5
    30 | D        | Killed Menkaure
   149 | D        | Reached *** piety under Trog
   150 | D        | Reached skill level 12 in Axes
   150 | D        | Reached XP level 7. HP: 74/74 MP: 6/6
   195 | D        | Noticed a boulder beetle
   195 | D        | Noticed a boulder beetle
   199 | D        | Noticed a wyvern
   199 | D        | Noticed a wyvern
   203 | D        | Killed a wyvern
   204 | D        | Reached skill level 13 in Axes
   212 | D        | HP: 2/78 [wyvern (5)]
   213 | D        | Slain by a wyvern

Illustrated notes

Levels and vault maps discovered:
D:        the_violet_keep_of_menkaure [sprint2_stairs_cluster_1,
          sprint2_shoproom, sprint2_temple, sprint2_basic_supplies,
          sprint2_obstacle_4, sprint2_obstacle_2, sprint2_obstacle_6,
          sprint2_obstacle_3, sprint2_obstacle_5, sprint2_timed_cluster_1,
          sprint2_smallroom_cluster_1, sprint2_smallroom_final_cluster_1,
          sprint2_transparent_cluster_1, sprint2_second_timed_cluster_1,
          sprint2_sniper_area_1, sprint2_heavy_combat_area_1,
          sprint2_mutation_trap_area_1, sprint2_forest_area_1,
          sprint2_light_combat_area_1, sprint2_behind_water_1,
          sprint2_near_end_vault_1]

Skill      XL: |  1  2  3  4  5  6  7 |
---------------+----------------------+-----
Fighting       | 7 8 10 11 12 | 12.3
Axes           | 7 9 11 12 13 | 13.1
Armour         | 4 5 6 |  6.8
Dodging        | 3 4 5 |  5.7

Action                   |  1- 3 |  4- 6 |  7- 9 || total
-------------------------+-------+-------+-------++-------
Melee: Hand axe          |     4 |    19 |    15 ||    38
       Headbutt          |       |     5 |     2 ||     7
       Punch             |       |     1 |       ||     1
Invok: Berserk           |     1 |     1 |     1 ||     3
Armor: Animal skin       |       |     1 |       ||     1
Dodge: Dodged            |       |     4 |     6 ||    10
